 Dungeon Sprint DCSS version 0.23.2-30-g0e89c35649 (webtiles) character file.

Game seed: 11238193844348418982

39 HASTUR3 the Ducker (level 3, 27/45 HPs)
             Began as a Demonspawn Gladiator on June 21, 2019.
             Quit the game in the Dungeon (Sprint III: "The Ten Rune Challenge").
             The game lasted 00:00:50 (223 turns).

HASTUR3 the Ducker (Demonspawn Gladiator)            Turns: 223, Time: 00:00:51

Health: 27/45      AC:  6    Str: 20    XL:     3   Next: 26%
Magic:  3/3        EV: 14    Int:  9    God:
Gold:   6          SH:  0    Dex: 14    Spells: 2/2 levels left

rFire    . . .     SeeInvis .     - Unarmed
rCold    . . .     Gourm    .   (no shield)
rNeg     . . .     Faith    .   a - +0 leather armour
rPois    .         Spirit   .   b - +0 helmet
rElec    .         Reflect  .   (no cloak)
rCorr    .         Harm     .   (no gloves)
MR       .....     NoTele   +   (no boots)
Stlth    ..........             (no amulet)
HPRegen  0.15/turn              (no ring)
MPRegen  0.08/turn              (no ring)

@: berserking (expiring), very quick
A: talons 1, slimy green scales 1
a: no special abilities


You were in the Dungeon.
You were not hungry.

You visited 1 branch You collected 6 gold pieces.

Inventory:

Missiles
 c - 3 throwing nets (quivered)
Armour
 a - a +0 leather armour (worn)
 b - a +0 helmet (worn)
Scrolls
 j - a scroll of blinking
Potions
 e - a potion of curing
 f - a potion of heal wounds
 g - a potion of haste
 h - 2 potions of magic
Comestibles
 d - 2 rations
 k - a chunk of flesh


   Skills:
 + Level 4.2 Fighting
 - Level 1.7 Throwing
 + Level 4.4 Dodging
 - Level 4.2 Unarmed Combat


You had 2 spell levels left.
You didn't know any spells.
Your spell library was empty.

Dungeon Overview and Level Annotations

Branches:
Dungeon (1/1)

Altars:


Innate Abilities, Weirdness & Mutations

You have sharp toenails.
You are partially covered in slimy green scales. (AC +2)


Message History

You have reached level 2!
Your demonic ancestry asserts itself...
Your toenails lengthen and sharpen.
The wolf splashes around in the water.
You barely miss the wolf. You claw the wolf!
The wolf is almost dead.
The wolf barely misses you.
You punch the wolf!
You kill the wolf!
Your Fighting skill increases to level 4!
Your Dodging skill increases to level 4!
You have reached level 3!
Your experience leads to an increase in your attributes!
Your base attributes are Str 14, Int 9, Dex 14.
Increase (S)trength, (I)ntelligence, or (D)exterity?
You feel stronger.
Your demonic ancestry asserts itself...
Slimy green scales grow over part of your body.
Autopickup is now off.
Autopickup is now on.
Are you sure you want to abandon this character and quit the game? (Confirm with "yes".)

▓#'####......♣
▓.....#....≈.♣
▓÷....#...≈≈.♣
▓.....#..≈≈≈≈♣♣♣
▓####'#..≈≈≈≈≈≈♣♣.
▓.....#.≈≈≈≈≈≈....
▓.....#.≈≈≈≈≈.....
▓.....#.≈†≈.......
▓'#####...@.......
▓.................
▓▓▓▓▓▓▓▓▓▓▓▓▓▓▓▓▓▓


There were no monsters in sight!

Vanquished Creatures
  A human (D)
  A wolf (D)
  An ooze (D)
  3 rats (D)
6 creatures vanquished.

Vanquished Creatures (others)
  A draconian scorcher (D)
  6 hellions (D)
  A yaktaur (D)
8 creatures vanquished.

Grand Total: 14 creatures vanquished

Notes
Turn   | Place    | Note
-------+----------+-------------------------------------------
     0 | D        | HASTUR3 the Demonspawn Gladiator began the quest for the
                  | Orb.
     0 | D        | Reached XP level 1. HP: 16/16 MP: 1/1
    62 | D        | Killed a yaktaur
    76 | D        | Killed a hellion
   100 | D        | Killed a hellion
   114 | D        | Killed a hellion
   114 | D        | Killed a hellion
   134 | D        | Killed a hellion
   135 | D        | Killed a hellion
   169 | D        | Killed a white draconian scorcher
   208 | D        | Noticed a wolf
   220 | D        | Gained mutation: You have sharp toenails. [demonic
                  | ancestry]
   220 | D        | Reached XP level 2. HP: 22/25 MP: 2/2
   222 | D        | Gained mutation: You are partially covered in slimy green
                  | scales. (AC +2) [demonic ancestry]
   222 | D        | Reached XP level 3. HP: 27/30 MP: 3/3
   223 | D        | Quit the game

Skill      XL: |  1  2 |
---------------+-------+-----
Unarmed Combat | 4 |  4.2
Fighting       | 3 4 |  4.2
Dodging        | 3 4 |  4.4
Throwing       | |  1.7

Action                   || total
-------------------------++-------
Melee: Unarmed           ||    20
       Punch             ||     1
       Kick              ||     1
  Use: Potion            ||     1
 Stab: Sleeping          ||     1
Armor: Leather armour    ||     2
Dodge: Dodged            ||    15
